 Dungeon Crawl Stone Soup version 0.20-a0-738-gb057e68 (webtiles) character file.

74 Ijustatesigmund the Conjurer (level 4, -8/24 HPs)
             Began as a Gargoyle Conjurer on Feb 23, 2017.
             Mangled by an ice beast (10 damage)
             ... on level 3 of the Dungeon.
             The game lasted 00:06:35 (2384 turns).

Ijustatesigmund the Conjurer (Gargoyle Conjurer)    Turns: 2384, Time: 00:06:36

Health: -8/24      AC:  7    Str: 17    XL:     4   Next: 30%
Magic:  2/8        EV: 12    Int: 16    God:
Gold:   112        SH:  0    Dex: 10    Spells: 3/9 levels left

rFire    . . .     SeeInvis .   g - +0 club
rCold    . . .     Gourm    .   a - +0 robe
rNeg     + . .     Faith    .   (no shield)
rPois    ∞         Spirit   .   (no helmet)
rElec    +         Reflect  .   d - +0 cloak
rCorr    .         Harm     .   l - +0 pair of gloves
MR       .....                  (no boots)
Stlth    ++........             (no amulet)
Regen    0.1/turn               (no ring)
MPRegen  0.2/turn               (no ring)

@: mighty, very slightly contaminated
A: negative energy resistance 1, electricity resistance, unbreathing,
petrification resistance, rot immunity, AC +3
a: no special abilities


You were on level 3 of the Dungeon.
You were not hungry.

You visited 1 branch of the dungeon, and saw 3 of its levels.

You collected 112 gold pieces.

Inventory:

Hand Weapons
 g - a +0 club (weapon)
Armour
 a - a +0 robe (worn)
 d - a +0 cloak (worn)
 l - a +0 pair of gloves (worn)
Jewellery
 f - an uncursed amulet of harm {unknown}
Scrolls
 e - 2 scrolls of identify
Potions
 j - a potion of might
 k - a potion of degeneration {unknown}
 m - a potion of heal wounds {unknown}
 n - a potion of flight {unknown}
Books
 b - a book of Conjurations

   Spells                             Type                      Level
   a - Magic Dart                     Conjuration                  1
   b - Searing Ray                    Conjuration                  2
   c - Dazzling Spray                 Conjuration/Hexes            3
   d - Fulminant Prism                Conjuration/Hexes            4
   e - Force Lance                    Conjuration/Translocation    4
   f - Iskenderun's Mystic Blast      Conjuration                  4
Comestibles
 c - a bread ration
 h - 3 royal jellies
 i - 3 meat rations


   Skills:
 - Level 1.5 Dodging
 - Level 2.1 Stealth
 - Level 3.1 Spellcasting
 + Level 4.8 Conjurations
 + Level 1.7 Hexes


You had 3 spell levels left.
You knew the following spells:

 Your Spells              Type           Power        Failure   Level  Hunger
a - Magic Dart            Conj           ###.         2%          1    None
b - Searing Ray           Conj           ###...       4%          2    ##.....
c - Dazzling Spray        Conj/Hex       ##....       14%         3    ###....


Dungeon Overview and Level Annotations

Branches:
Dungeon (3/15)

Altars:


Innate Abilities, Weirdness & Mutations

You are resistant to torment.
Your stone body is resilient. (AC +3)
You are immune to poison.
You resist negative energy. (rN+)
You are resistant to electric shocks. (rElec)
You can survive without breathing.
You are immune to petrification.
You are immune to rotting.


Message History

The ice beast is moderately wounded.
The ice beast hits you but does no damage.
The ice beast closely misses you.
You feel very mighty all of a sudden.
The ice beast hits you but does no damage.
You closely miss the ice beast.
The ice beast is moderately wounded.
The ice beast barely misses you.
You barely miss the ice beast.
The ice beast is moderately wounded.
The ice beast hits you but does no damage.
You hit the ice beast.
The ice beast is heavily wounded.
The ice beast barely misses you.
You closely miss the ice beast.
The ice beast is heavily wounded.
The ice beast hits you.
* * * LOW HITPOINT WARNING * * *
The ice beast freezes you!
You die...

###
#......
#.##..#
#.##..#
#.##..#
#Y##..#
#@##..#
#.##(.#
#.##.##..#
#........#
####.##.##
#.##.###
#.##...#
#.####(#
#.# #o#


You could see an ice beast.

Vanquished Creatures
  An adder (D:2)
  An ooze (D:1)
  A dart slug (D:1)
  A leopard gecko (D:1)
  5 orcs (D:3)
  A giant cockroach (D:1)
  6 goblins
  5 hobgoblins
  7 jackals
  4 kobolds
  2 quokkas (D:2)
  5 bats (D:1)
  2 frilled lizards
  8 rats
49 creatures vanquished.

Notes
Turn   | Place    | Note
-------+----------+-------------------------------------------
     0 | D:1      | Ijustatesigmund the Gargoyle Conjurer began the quest for the Orb.
     0 | D:1      | Reached XP level 1. HP: 10/10 MP: 3/3
   221 | D:1      | Reached XP level 2. HP: 15/15 MP: 0/5
   225 | D:1      | Learned a level 2 spell: Searing Ray
   861 | D:1      | Reached XP level 3. HP: 19/19 MP: 5/7
   869 | D:1      | Learned a level 3 spell: Dazzling Spray
  1482 | D:2      | Reached skill level 1 in Hexes
  1630 | D:2      | Reached XP level 4. HP: 18/24 MP: 1/8
  2324 | D:2      | Noticed an ice beast
  2384 | D:3      | Mangled by an ice beast

Vault maps used:
D:1:      minmay_arrival_four_houses, grunt_decor_mini_mirrors
D:2:      roderic_st_hans_cross
D:3:      led_sif_book, first_bread

Skill      XL: |  1  2  3 |
---------------+----------+-----
Spellcasting   | 3 |  3.1
Hexes          | 1 |  1.7
Dodging        | |  1.5
Stealth        | |  2.1
Conjurations   | |  4.8

Action                   |  1- 3 |  4- 6 || total
-------------------------+-------+-------++-------
Melee: Club              |    30 |    23 ||    53
 Cast: Magic Dart        |    63 |    24 ||    87
       Searing Ray       |     1 |     2 ||     3
  Use: Scroll            |     2 |       ||     2
       Potion            |       |     1 ||     1
  Eat: Chunk             |     2 |     1 ||     3
       Royal jelly       |       |     1 ||     1
Armor: Robe              |    21 |    19 ||    40
Dodge: Dodged            |    31 |    24 ||    55
